 Dungeon Crawl Stone Soup version 0.23.1 (webtiles) character file.

Game seed: 6750500247870715280

61 Kairos the Skirmisher (level 4, 0/37 HPs)
             Began as a Formicid Abyssal Knight on Mar 4, 2019.
             Was a Follower of Lugonu.
             Slain by a gnoll
             ... wielding a +0 whip
              (3 damage)
             ... on level 2 of the Dungeon.
             The game lasted 00:03:20 (1031 turns).

Kairos the Skirmisher (Formicid Abyssal Knight)     Turns: 1031, Time: 00:03:21

Health: 0/37       AC:  4    Str: 17 (18) XL:     4   Next: 27%
Magic:  5/5        EV:  8    Int: 13 (16) God:    Lugonu [*.....]
Gold:   118        SH:  6    Dex:  7 (10) Spells: 3/3 levels left

rFire    . . .     SeeInvis +   a - +1 hand axe
rCold    . . .     Gourm    .   f - +0 shield
rNeg     + . .     Faith    .   b - +0 leather armour
rPois    .         Spirit   .   (helmet unavailable)
rElec    .         Reflect  .   (no cloak)
rCorr    .         Harm     .   (no gloves)
MR       .....                  p - +0 pair of boots (curse)
Stlth    +.........             (no amulet)
HPRegen  0.12/turn              g - ring of wizardry
MPRegen  0.09/turn              k - ring of positive energy

@: brilliant
A: permanent stasis, dig shafts and tunnels, four strong arms, antennae 3,
mutation resistance 1
a: Dig, Shaft Self, Depart the Abyss, Renounce Religion


You were on level 2 of the Dungeon.
You worshipped Lugonu.
Lugonu was aware of your devotion.
You were hungry.

You visited 1 branch of the dungeon, and saw 2 of its levels.
You visited the Abyss 1 time.

You collected 118 gold pieces.

Inventory:

Hand Weapons
 a - a +1 hand axe (weapon)
Armour
 b - a +0 leather armour (worn)
 f - a +0 shield (worn)
 p - a cursed +0 pair of boots (worn)
Jewellery
 g - a ring of wizardry (left hand)
 k - a ring of positive energy (right hand)
Wands
 o - a wand of scattershot (3)
Scrolls
 d - a scroll of fear {unknown}
 e - a scroll of identify
 j - a scroll of remove curse {unknown}
 l - a scroll of amnesia {unknown}
 m - a scroll of fog {unknown}
Comestibles
 c - 5 rations


   Skills:
 + Level 4.0 Fighting
 + Level 2.9 Axes
 + Level 2.5 Armour
 + Level 1.2 Dodging
 + Level 0.2 Shields
 + Level 2.5 Invocations


You had 3 spell levels left.
You didn't know any spells.
Your spell library was empty.

Dungeon Overview and Level Annotations

Branches:
Dungeon (2/15)

Altars:
Trog


Innate Abilities, Weirdness & Mutations

You cannot be hasted, slowed, berserked, paralysed or teleported.
You can dig through walls and to a lower floor.
Your four strong arms can wield two-handed weapons with a shield.
You have a pair of large antennae on your head. (SInv)
You are somewhat resistant to further mutation.


Message History

You are too injured to fight recklessly!
You are too injured to fight recklessly!
You are too injured to fight recklessly!
You are too injured to fight recklessly!
You are too injured to fight recklessly!
You are too injured to fight recklessly!
You are too injured to fight recklessly!
Unknown command.
You are too injured to fight recklessly!
Unknown command.
Unknown command.
You are too injured to fight recklessly!
You are too injured to fight recklessly!
You barely miss the gnoll.
The gnoll is almost dead.
You closely miss the gnoll. You hit the gnoll.
The gnoll hits you with a cursed -1 flail.
* * * LOW HITPOINT WARNING * * *
The gnoll hits you with a +0 whip.
You die...

.##...# ##### . ......
.....####### ..###...#
#........ #.[.#...#
###....##
#....)###########.##.##
#..............##.##..
##.g.###..........#.##
.###..g####......†.#...#
.....<.g@g...##..#.###.#.
..########.#####.†.#.$##.
/.......#######..##.##
....>..[...#####.##...
#####.#....{{{g?..)###
...######.###....## ..##
#....#.#... #...
####....... #.# ###.....


You could see 4 gnolls.

Vanquished Creatures
  A gnoll (D:1)
  A dart slug (D:1)
  3 leopard geckos (D:1)
  A ball python (D:2)
  2 giant cockroaches (D:1)
  5 goblins
  7 hobgoblins
  4 jackals (D:1)
  3 bats
  2 frilled lizards (D:1)
  9 kobolds
  5 rats (D:1)
43 creatures vanquished.

Vanquished Creatures (others)
  4 starspawn tentacles (Abyss:1)
4 creatures vanquished.

Grand Total: 47 creatures vanquished

Notes
Turn   | Place    | Note
-------+----------+-------------------------------------------
     0 | Abyss:1  | Kairos the Formicid Abyssal Knight began the quest for the
                  | Orb.
     0 | Abyss:1  | Reached XP level 1. HP: 18/18 MP: 2/2
    45 | Abyss:1  | Noticed a hungry ghost
    48 | Abyss:1  | Noticed an iron imp
    97 | Abyss:1  | Noticed a tentacled starspawn
   122 | Abyss:1  | Noticed a frost giant simulacrum
   140 | Abyss:1  | Noticed a hell hound
   142 | D:1      | Escaped the Abyss
   143 | D:1      | Gained mutation: You are somewhat resistant to further
                  | mutation. [potion of mutation]
   195 | D:1      | Reached XP level 2. HP: 22/24 MP: 3/3
   355 | D:1      | Reached * piety under Lugonu
   437 | D:1      | Reached XP level 3. HP: 19/30 MP: 4/4
   572 | D:1      | Reached skill level 1 in Dodging
   701 | D:1      | Reached skill level 4 in Fighting
   951 | D:2      | Reached XP level 4. HP: 29/37 MP: 5/5
   959 | D:2      | Found a bloodstained altar of Trog.
  1031 | D:2      | Slain by a gnoll

Skill      XL: |  1  2  3 |
---------------+----------+-----
Dodging        | 1 |  1.2
Fighting       | 4 |  4.0
Axes           | |  2.9
Armour         | |  2.5
Shields        | |  0.2
Invocations    | |  2.5

Action                   |  1- 3 |  4- 6 || total
-------------------------+-------+-------++-------
Melee: Hand axe          |   113 |    16 ||   129
Invok: Depart the Abyss  |     1 |       ||     1
  Use: Potion            |     1 |     3 ||     4
       Scroll            |     1 |       ||     1
Armor: Leather armour    |    36 |     2 ||    38
Dodge: Dodged            |    66 |     6 ||    72
Block: Shield            |    17 |     6 ||    23
